 Dungeon Crawl Stone Soup version 0.27.0-1-g7a089689b8 (webtiles) character file.

Game seed: 7354635823904293315

1166 Conn the Firebug (level 8, -5/47 HPs)
             Began as an Octopode Fire Elementalist on Aug 2, 2021.
             Was a Follower of Sif Muna.
             Slain by a kobold (8 damage)
             ... while paralysed by a centaur
             ... on level 9 of the Dungeon.
             The game lasted 00:17:28 (6274 turns).

Conn the Firebug (Octopode Fire Elementalist)       Turns: 6274, Time: 00:17:28

Health: -5/47      AC:  1    Str:  7    XL:     8   Next: 40%
Magic:  7/14       EV:  2    Int: 19    God:    Sif Muna [*.....]
Gold:   189        SH:  0    Dex: 13    Spells: 3/15 levels left

rFire    . . .     SeeInvis .   g - +2 short sword (venom)
rCold    . . .     Faith    .   (no shield)
rNeg     + . .     Spirit   .   (helmet restricted)
rPois    .         Reflect  .   (no amulet)
rElec    .         Harm     .   f - +4 ring of evasion
rCorr    .         Rampage  .   h - ring of positive energy
Will     .....                  (no ring)
Stlth    +++.......             (no ring)
HPRegen  0.15/turn              (no ring)
MPRegen  0.14/turn              (no ring)
                                (no ring)
                                (no ring)

@: paralysed, lethally poisoned (-5 -> -10), slowed
A: almost no armour, amphibious, 8 rings, camouflage 1, gelatinous body 1,
(nimble swimmer 1), tentacles
a: Renounce Religion, Channel Magic


You were on level 9 of the Dungeon.
You worshipped Sif Muna.
Sif Muna was aware of your devotion.
You visited 2 branches of the dungeon, and saw 8 of its levels.

You collected 189 gold pieces.

Inventory:

Hand Weapons
 b - a +0 dagger
 g - a +2 short sword of venom (weapon)
 i - a +1 dagger of flaming
Missiles
 r - 2 throwing nets
Magical Staves
 m - a staff of air
Jewellery
 f - a +4 ring of evasion (left tentacle)
 h - a ring of positive energy (right tentacle)
Wands
 t - a wand of polymorph (4)
 v - a wand of acid (3)
Scrolls
 a - a scroll of magic mapping
 c - 2 scrolls of enchant armour {unknown}
 d - a scroll of teleportation
 e - 3 scrolls of identify
 j - a scroll of blinking {unknown}
 k - a scroll of fog {unknown}
 l - a scroll of torment {unknown}
 n - 2 scrolls of immolation {unknown}
 o - 2 scrolls of enchant weapon {unknown}
 p - 3 scrolls of amnesia {unknown}
Potions
 q - a potion of degeneration {unknown}
 s - a potion of curing
 u - a potion of ambrosia


   Skills:
 + Level 0.5 Fighting
 + Level 1.9 Short Blades
 + Level 2.4 Dodging
 + Level 3.9 Stealth
 + Level 4.1 Spellcasting
 * Level 4.2 Conjurations
 + Level 2.4 Summonings
 * Level 6.0 Fire Magic
 + Level 1.3 Air Magic
 * Level 2.2 Poison Magic
 * Level 1.7 Invocations


You had 3 spell levels left.
You knew the following spells:

 Your Spells              Type           Power      Damage    Failure   Level
a - Foxfire               Conj/Fire      92%        2x1d8     1%          1
b - Conjure Flame         Conj/Fire      23%        6-21      4%          3
c - Inner Flame           Hex/Fire       15%        N/A       12%         3
d - Mephitic Cloud        Conj/Pois/Air  13%        N/A       14%         3
f - Call Imp              Summ           13%        N/A       8%          2

Your spell library contained the following spells:

 Spells                   Type           Power      Damage    Failure   Level
 Magic Dart               Conj           80%        1d7       2%          1
 Static Discharge         Conj/Air       14%        N/A       6%          2
 Corpse Rot               Necr/Air       N/A        N/A       16%         2
 Sublimation of Blood     Necr           1%         N/A       21%         2
 Wereblood                Tmut           3%         N/A       21%         2
 Sticky Flame             Conj/Fire      23%        2d4       16%         4
 Fireball                 Conj/Fire      11%        3d7       41%         5
 Alistair's Intoxication  Tmut/Pois      5%         N/A       94%         5
 Borgnjor's Vile Clutch   Necr/Erth      1%         N/A       98%         5
 Eringya's Noxious Bog    Tmut/Pois      4%         N/A       100%        6
 Summon Hydra             Summ           6%         N/A       100%        7
 Chain Lightning          Conj/Air       7%         3d9       100%        9


Dungeon Overview and Level Annotations

Branches:
Dungeon (6/15)             Temple (1/1) D:4

Altars:
Ashenzari
Elyvilon
Gozag
Hepliaklqana
Kikubaaqudgha
Sif Muna
Xom
Zin
The Shining One

Shops:
D:5 *


Innate Abilities, Weirdness & Mutations

You cannot wear most types of armour.
You are amphibious.
You can wear up to eight rings at the same time.
Your skin changes colour to match your surroundings (Stealth+).
Your rubbery body absorbs attacks. (AC +1, EV +1)
((You are camouflaged near water. (Stealth+)))
You have tentacles for arms and can constrict up to eight enemies at once.


Message History

Confirm with . or Enter, or press ? or * to list all spells.
You conjure some foxfire!
The foxfire hits the kobold brigand.
The kobold brigand is moderately wounded.
The foxfire hits the kobold brigand but does no damage.
The kobold brigand is moderately wounded.
Unknown command.
Casting: Foxfire (safe; 1% risk of failure)
Confirm with . or Enter, or press ? or * to list all spells.
You conjure some foxfire!
The foxfire hits the kobold brigand.
The kobold brigand is heavily wounded.
Unknown command.
Casting: Foxfire (safe; 1% risk of failure)
Confirm with . or Enter, or press ? or * to list all spells.
You conjure some foxfire!
The foxfire hits the kobold brigand.
The kobold brigand is heavily wounded.
The foxfire hits the kobold brigand.
The kobold brigand is severely wounded.
The centaur zaps a wand.
You suddenly lose the ability to move!
The kobold brigand throws a curare-tipped dart.
The curare-tipped dart hits you.
You are poisoned.
You have difficulty breathing.
You feel yourself slow down.
You feel very sick.
The foxfire hits the kobold brigand.
The kobold brigand is almost dead.
You feel sick.
The foxfire hits the kobold brigand.
The kobold brigand is almost dead.
The centaur zaps a wand.
You resist with some effort.
The kobold brigand hits you with a +0 short sword.
You feel sick.
The centaur zaps a wand.
You resist with some effort.
The centaur wields a +0 shortbow.
The centaur shoots an arrow.
The arrow hits you!
The kobold brigand hits you with a +0 short sword.
* * * LOW HITPOINT WARNING * * *
You feel sick.
The kobold brigand hits you with a +0 short sword!
* * * LOW HITPOINT WARNING * * *
* * * LOW HITPOINT WARNING * * *
You feel sick. The kobold hits you with a +3 whip!
You die...

....P..... ......P.P.#
.).)...P.P# .....##
)..§......# P.....#
..)#...PP####..PP..#
##K.P........PPP..#
#...KP.....P.P..#.#
#..cK@..P.P.....#.#
#....P...P.P...##.####
#............#...††...
#'#######.##.#.#######
#. #....#.#...... #
####.#.#......
#.#.#####.#
#.#........
#.#........


You could see a kobold brigand, a centaur and 2 kobolds.

Vanquished Creatures
  A black bear (D:9)
  An ice beast (D:4)
  A sky beast (D:5)
  A phantom (D:4)
  A bullfrog (D:9)
  A scorpion (D:9)
  A howler monkey (D:5)
  4 orc priests
  A centaur skeleton (D:5)
  4 hounds
  A bullfrog skeleton (D:5)
  3 orc wizards
  A howler monkey zombie (D:5)
  9 adders
  7 gnolls (D:4)
  A shadow imp (D:5)
  2 ufetubi
  An adder zombie (D:4)
  2 adder skeletons (D:4)
  A dart slug (D:5)
  12 orcs
  3 bats
  9 endoplasms
  3 giant cockroaches
  11 goblins
  5 hobgoblins
  12 kobolds
  3 quokkas
  11 ball pythons
  4 frilled lizards
  8 rats
  A spectral orc (D:4)
126 creatures vanquished.

Vanquished Creatures (collateral kills)
  8 foxfires (D:9)
8 creatures vanquished.

Vanquished Creatures (others)
  421 foxfires
  4 fungi (D:9)
  2 plants (D:9)
427 creatures vanquished.

Grand Total: 561 creatures vanquished

Notes
Turn   | Place    | Note
-------+----------+-------------------------------------------
     0 | D:1      | Conn the Octopode Fire Elementalist began the quest for the
                  | Orb.
     0 | D:1      | Reached XP level 1. HP: 11/11 MP: 3/3
   164 | D:1      | Reached XP level 2. HP: 4/17 MP: 1/5
   531 | D:1      | Got the Papyrus of Destructive Unholy Magic
  1031 | D:1      | Found a faded altar of an unknown god.
  1087 | D:1      | Reached XP level 3. HP: 20/21 MP: 6/6
  1507 | D:1      | Learned a level 3 spell: Conjure Flame
  1510 | D:1      | Learned a level 2 spell: Call Imp
  1894 | D:2      | Reached skill level 1 in Summonings
  1916 | D:2      | Reached XP level 4. HP: 23/27 MP: 2/7
  2836 | D:3      | Found a glowing golden altar of the Shining One.
  2864 | D:3      | Reached skill level 4 in Fire Magic
  2873 | D:3      | Reached XP level 5. HP: 31/31 MP: 0/8
  3055 | D:3      | Reached skill level 1 in Short Blades
  3264 | D:4      | Learned a level 3 spell: Inner Flame
  3690 | D:4      | Reached XP level 6. HP: 29/36 MP: 4/9
  4017 | D:4      | Found a staircase to the Ecumenical Temple.
  4052 | Temple   | Entered the Ecumenical Temple
  4209 | Temple   | Became a worshipper of Sif Muna the Loreminder
  4253 | D:5      | Entered Level 5 of the Dungeon
  4345 | D:4      | Reached skill level 1 in Air Magic
  4392 | D:4      | Noticed an ice beast
  4397 | D:4      | Killed an ice beast
  4398 | D:4      | Reached XP level 7. HP: 42/42 MP: 5/11
  4733 | D:4      | Found a hazy altar of Hepliaklqana.
  4933 | D:4      | Reached skill level 5 in Fire Magic
  5066 | D:5      | Learned a level 3 spell: Mephitic Cloud
  5264 | D:5      | Reached skill level 1 in Poison Magic
  5330 | D:5      | Found an opulent altar of Gozag.
  5605 | D:5      | Reached * piety under Sif Muna
  5612 | D:5      | Reached XP level 8. HP: 42/47 MP: 2/13
  5756 | D:5      | Reached skill level 1 in Invocations
  5843 | D:5      | Found Zin's Purification Station.
  5846 | D:5      | Found a glowing silver altar of Zin.
  5847 | D:5      | You fall into a shaft and drop 1 floor!
  5857 | D:6      | You fall into a shaft and drop 3 floors!
  6050 | D:9      | Reached skill level 6 in Fire Magic
  6269 | D:9      | Paralysed by a centaur for 6 turns
  6274 | D:9      | Slain by a kobold

Illustrated notes

Levels and vault maps discovered:
D:1:      onia_arrival_mini_maze, layout_basic, ebering_ecumenical_altar_rust,
          amcnicky_mini_corridor_feature, minmay_pentomino_o4
D:2:      layout_basic
D:3:      layout_basic, nicolae_overflow_hidden_temple
D:4:      layout_rooms, nicolae_hepliaklqana_monster_ancestors,
          minmay_temple_entry_tees, grunt_ministairs_15, grunt_decor_cap
D:5:      layout_basic, kennysheep_mini,
          nicolae_gozag_cash_rules_everything_around_me, zin_purify,
          nrook_mini_backslash, hangedman_decor_lopped, grunt_decor_junction,
          chequers_decorated_corner, bh_walls_and_bars
D:6:      layout_cave_pools, vehumet_statue, lemuel_round_altar,
          trog_three_pillars_becter
D:9:      minmay_polygon_palace, layout_basic, grunt_lair_entry_orc_guard_hut
Temple:   hc_temple_tempest_star

Skill      XL: |  1  2  3  4  5  6  7  8 |
---------------+-------------------------+-----
Stealth        | 3 |  3.9
Summonings     | 1 2 |  2.4
Conjurations   | 2 3 4 |  4.2
Fire Magic     | 4 5 6 |  6.0
Short Blades   | 1 |  1.9
Air Magic      | 1 |  1.3
Spellcasting   | 3 4 |  4.1
Poison Magic   | 1 2 |  2.2
Invocations    | 1 |  1.7
Fighting       | |  0.5
Dodging        | |  2.4

Action                   |  1- 3 |  4- 6 |  7- 9 || total
-------------------------+-------+-------+-------++-------
Melee: Dagger            |    16 |    55 |       ||    71
       Tentacles         |     6 |     4 |     3 ||    13
       Constrict         |     4 |     7 |     4 ||    15
       Unarmed           |     1 |       |       ||     1
       Short sword       |       |       |    13 ||    13
Throw: Throwing net      |       |     1 |       ||     1
 Cast: Foxfire           |    55 |    96 |    97 ||   248
Evoke: Wand              |       |       |     2 ||     2
  Use: Scroll            |       |     6 |     1 ||     7
       Potion            |       |     2 |       ||     2
 Stab: Sleeping          |       |     3 |     2 ||     5
Armor: Skin              |     1 |     1 |     2 ||     4
Dodge: Dodged            |    27 |    57 |    24 ||   108
